 Dungeon Crawl Stone Soup version 0.30-a0-4-ga7cffc901d (webtiles) character file.

Game seed: 11349406672839328924

582 SensoryNuts the Chopper (level 7, -2/42 HPs)
             Began as a Tengu Fighter on Aug 21, 2022.
             Slain by a warg (10 damage)
             ... on level 8 of the Dungeon.
             The game lasted 00:03:32 (3791 turns).

SensoryNuts the Chopper (Tengu Fighter)             Turns: 3791, Time: 00:03:33

Health: -2/42      AC: 14    Str: 18    XL:     7   Next: 36%
Magic:  8/8        EV:  6    Int:  9    God:
Gold:   258        SH:  0    Dex: 13    Spells: 6/6 levels left

rFire   . . .      SeeInvis .    a - +0 war axe
rCold   . . .      Faith    .    c - +0 buckler
rNeg    . . .      Spirit   .    m - +0 plate armour
rPois   .          Reflect  .    (helmet restricted)
rElec   .          Harm     .    i - +0 cloak
rCorr   .          Rampage  .    l - +0 pair of gloves
Will    .....                    (boots unavailable)
Stlth   ..........               (no amulet)
HPRegen 0.14/turn                (no ring)
MPRegen 0.11/turn                (no ring)

@: confused, mighty, lethally poisoned (-2 -> -22), ambrosia-drunk, on berserk
cooldown, flying quickly and evasively, slowed, very slow
A: beak, talons 3, nimble flight
a: no special abilities


You were on level 8 of the Dungeon.
You visited 1 branch of the dungeon, and saw 6 of its levels.

You collected 258 gold pieces.

Inventory:

Hand Weapons
 a - a +0 war axe (weapon)
 x - the +4 trident of Qeafughy {speed, Drain rN+ Dex+3}
   (You found it on level 4 of the Dungeon)

   Attacks with this weapon are significantly faster.
   Dex:       It affects your dexterity (+3).
   rN:        It protects you from negative energy.
   Drain:     It drains your maximum health when unequipped.
Armour
 c - a +0 buckler (worn)
 i - a +0 cloak (worn)
 l - a +0 pair of gloves (worn)
 m - a +0 plate armour (worn)
Jewellery
 n - a ring of willpower
 w - a ring of resist corrosion
Wands
 b - a wand of flame (12)
 t - a wand of paralysis (10)
Scrolls
 g - 4 scrolls of identify
 h - a scroll of torment
 k - 2 scrolls of teleportation
 o - 2 scrolls of blinking {unknown}
 r - a scroll of enchant armour {unknown}
 s - a scroll of summoning {unknown}
 u - a scroll of immolation {unknown}
Potions
 e - 3 potions of flight
 f - a potion of curing
 j - a potion of brilliance
 p - 2 potions of berserk rage
 q - a potion of mutation {unknown}
 v - a potion of degeneration {unknown}


   Skills:
 + Level 3.8 Fighting
 + Level 6.2 Axes
 + Level 5.4 Armour
 + Level 0.4 Dodging
 + Level 0.3 Stealth
 + Level 4.0 Shields


You had 6 spell levels left.
You didn't know any spells.
Your spell library contained the following spells:

 Spells                   Type           Power      Damage    Failure   Level
 Freeze                   Ice            0%         1d3       100%        1
 Blink                    Tloc           0%         N/A       100%        2
 Frozen Ramparts          Ice            0%         1d1       100%        3
 Lesser Beckoning         Tloc           0%         N/A       100%        3
 Hailstorm                Conj/Ice       0%         3d3       100%        4
 Manifold Assault         Tloc           0%         N/A       100%        5


Dungeon Overview and Level Annotations

Branches:
Dungeon (5/15)
 Temple: D:4-7

Altars:

Shops:
D:1 (


Innate Abilities, Weirdness & Mutations

You have a beak for a mouth.
You have claws for feet.
Your magical nature lets you fly swiftly and evasively.


Message History

The gnoll hits you with a +0 spear.
* * * LOW HITPOINT WARNING * * *
An orc wizard comes into view. It is wielding a +0 dagger.
The gnoll moves out of view.
Things that are here:
a +0 spear; a gnoll corpse The gnoll hits you from afar with a +0 spear.
* * * LOW HITPOINT WARNING * * *
A gnoll sergeant comes into view. It is wielding a +3 spear of venom.
Things that are here:
a +0 falchion; a +0 mace It was a potion of ambrosia.
You are confused.
You feel invigorated. The gnoll closely misses you.
It was a potion of berserk rage.
A red film seems to cover your vision as you go berserk!
You feel yourself moving faster!
You feel mighty! The gnoll hits you but does no damage.
You bump into the rock wall.
You feel a strong urge to attack something.
The gnoll hits you from afar with a +0 spear.
You bump into the rock wall.
A gnoll comes into view. It is wielding a +0 whip.
You feel your anger nearly subside.
You are no longer berserk.
You are exhausted.
You feel yourself slow down.
The gnoll shouts!
An orc warrior comes into view. It is wielding a +0 scimitar.
The gnoll sergeant hits you from afar with a +3 spear of venom.
You are poisoned.
Things that are here:
a +0 spear; a gnoll corpse You bump into the rock wall.
You feel very sick. The gnoll hits you with a +0 spear.
The gnoll sergeant hits you from afar with a +3 spear of venom!
* * * LOW HITPOINT WARNING * * *
You are more poisoned.
The warg bites you!
You die... .# #.# .###.#### .># #.......# .o. . #.......# ..# .# #..###..# ..# g# #..# #..# .g#.# #..###..# .go

#.......# ####h####
#.......######.)@g...#
.....###...#...##.##.#
###### #..............
#...#...##....#
##.####.# #.##.# ...#
#.# .# .# #.#.# #.. .#
. #...# #### .# # .##


You could see a warg, an orc warrior, a gnoll sergeant, an orc wizard and 3
gnolls.

Vanquished Creatures
  An acid dragon (D:8)
  A warg (D:8)
  Blork the orc (D:4)
  A bullfrog (D:8)
  An orc priest (D:8)
  An iguana (D:4)
  2 orc wizards (D:4)
  4 adders (D:4)
  A gnoll (D:8)
  A worm (D:2)
  A dart slug (D:4)
  9 orcs
  6 endoplasms
  A giant cockroach (D:2)
  2 goblins
  3 hobgoblins
  3 jackals (D:3)
  5 kobolds
  4 quokkas
  5 ball pythons
  3 bats
  3 frilled lizards
  A rat (D:1)
60 creatures vanquished.

Vanquished Creatures (others)
  11 plants (D:2)
11 creatures vanquished.

Grand Total: 71 creatures vanquished

Notes
Turn   | Place    | Note
-------+----------+-------------------------------------------
     0 | D:1      | SensoryNuts the Tengu Fighter began the quest for the Orb.
     0 | D:1      | Reached XP level 1. HP: 14/14 MP: 2/2
   408 | D:1      | Reached XP level 2. HP: 19/19 MP: 3/3
   437 | D:1      | Found Ufaklyrch's Weapon Emporium.
  1462 | D:2      | Reached XP level 3. HP: 22/23 MP: 4/4
  1863 | D:2      | Found a faded altar of an unknown god.
  2407 | D:3      | Reached skill level 3 in Axes
  2494 | D:4      | Reached XP level 4. HP: 12/28 MP: 5/5
  2886 | D:4      | Reached skill level 4 in Axes
  2937 | D:4      | Gained mutation: Your magical nature lets you fly swiftly
                  | and evasively. [Tengu growth]
  2937 | D:4      | Reached XP level 5. HP: 24/32 MP: 6/6
  3216 | D:4      | Noticed Blork the orc
  3222 | D:4      | Killed Blork the orc
  3223 | D:4      | Reached skill level 5 in Axes
  3223 | D:4      | Reached XP level 6. HP: 19/37 MP: 7/7
  3225 | D:4      | Identified the +4 trident of Qeafughy {speed, Drain rN+
                  | Dex+3}
  3613 | D:5      | Entered Level 5 of the Dungeon
  3613 | D:5      | You are sucked into a shaft and drop 3 floors!
  3739 | D:8      | Noticed an acid dragon
  3750 | D:8      | Killed an acid dragon
  3751 | D:8      | Reached skill level 5 in Armour
  3758 | D:8      | Reached XP level 7. HP: 5/42 MP: 8/8
  3772 | D:8      | Noticed a warg
  3781 | D:8      | Killed a warg
  3782 | D:8      | Reached skill level 6 in Axes
  3782 | D:8      | Noticed a warg
  3791 | D:8      | Slain by a warg

Illustrated notes

Levels and vault maps discovered:
D:1:      dpeg_arrival_leaves_temple_mockup, layout_loops_cross, serial_shops,
          shop_fountains
D:2:      layout_basic, shapermc_ecumenical_altar_mp_highgroup, minivault_26,
          serial_bayou_lagoon_a, nicolae_concentric_dashed_squares_mild
D:3:      layout_basic
D:4:      layout_basic, uniq_blork_the_orc
D:5:      layout_basic, minmay_temple_entry_proselytizer, serial_bayou_lake_a
D:8:      layout_loops_cross, erik_lair_orcish_takeover, glass_columns_a

Skill      XL: |  1  2  3  4  5  6  7 |
---------------+----------------------+-----
Axes           | 3 4 5 6 |  6.2
Armour         | 4 5 |  5.4
Shields        | 4 |  4.0
Fighting       | |  3.8
Dodging        | |  0.4
Stealth        | |  0.3

Action                   |  1- 3 |  4- 6 |  7- 9 || total
-------------------------+-------+-------+-------++-------
Melee: War axe           |    83 |    74 |     6 ||   163
       Kick              |    14 |    17 |     3 ||    34
       Peck              |     7 |    10 |     1 ||    18
  Use: Scroll            |     5 |       |       ||     5
       Potion            |       |     2 |     5 ||     7
Armor: Scale mail        |    29 |       |       ||    29
       Plate armour      |    39 |    57 |    10 ||   106
Dodge: Dodged            |    24 |    18 |     4 ||    46
Block: Buckler           |    10 |    19 |     1 ||    30

Table legend: (Time is in decaauts)
 A = Elapsed time spent in this place.
 B = Non-inter-level travel time spent in this place.
 C = Inter-level travel time spent in this place.
 D = Time resting spent in this place.
 E = Time spent auto-exploring this place.
 F = Levels seen in this place.
 G = Mean time per level.
                   A        B        C        D        E       F      G
               +--------+--------+--------+--------+--------+-----+--------+
         Total |   3811 |   3519 |    292 |      0 |   3029 |   6 |  635.2 |
       Dungeon |   3811 |   3519 |    292 |      0 |   3029 |   6 |  635.2 |
               +--------+--------+--------+--------+--------+-----+--------+

Top non-repeatable levels by time:
     D:2: 1409 daAuts
     D:4: 1128 daAuts
     D:1: 666 daAuts
     D:3: 433 daAuts
     D:8: 173 daAuts
